 Dungeon Crawl Stone Soup version 0.18.1-50-g88ac8fd (webtiles) character file.

451 juanjsm the Sneak (level 6, -2/30 HPs)
             Began as a Spriggan Enchanter on Sept 26, 2016.
             Killed by divine providence
             ... invoked by an orc priest
              (9 damage)
             ... on level 4 of the Dungeon on Sept 27, 2016.
             The game lasted 00:16:42 (4092 turns).

juanjsm the Sneak (Spriggan Enchanter)              Turns: 4092, Time: 00:16:43

Health: -2/30      AC:  2    Str:  4    XL:     6   Next: 75%
Magic:  3/13       EV: 21    Int: 16    God:
Gold:   207        SH:  0    Dex: 19    Spells: 4 memorised, 4 levels left

rFire  + . .     SeeInvis +     a - +1 dagger
rCold  + . .     Gourm    .     g - +0 robe {rF+}
rNeg   . . .     Faith    .     (shield restricted)
rPois  .         Spirit   .     (helmet restricted)
rElec  .         Dismiss  .     (no cloak)
rCorr  .         Reflect  .     (gloves unavailable)
SustAt .         Harm     .     (boots unavailable)
MR     +....                    (no amulet)
Stlth  ++++......               (no ring)
                                m - ring of protection from cold

@: very slightly contaminated, very quick, somewhat resistant to hostile
enchantments, stealthy
A: unfitting armour, see invisible, herbivore 3, speed 3, slow metabolism 2
a: no special abilities


You were on level 4 of the Dungeon.
You were not hungry.

You visited 2 branches of the dungeon, and saw 5 of its levels.

You collected 207 gold pieces.

Inventory:

Hand Weapons
 a - a +1 dagger (weapon)
Armour
 b - a +1 robe
 g - a +0 robe of fire resistance (worn)
 y - a +0 buckler
Magical Staves
 u - an uncursed staff of earth {unknown}
Jewellery
 m - a ring of protection from cold (left hand)
Scrolls
 f - a scroll of fear {unknown}
 h - 2 scrolls of fog {unknown}
 i - 2 scrolls of teleportation {unknown}
 k - a scroll of blinking {unknown}
 n - a scroll of enchant armour {unknown}
 q - 6 scrolls of remove curse {unknown}
 r - a scroll of amnesia {unknown}
 s - a scroll of noise {unknown}
 t - a scroll of recharging {unknown}
 v - a scroll of immolation {unknown}
 w - 2 scrolls of identify {unknown}
Potions
 e - 2 potions of degeneration {unknown}
 j - 3 potions of curing {unknown}
 l - a potion of resistance {unknown}
 o - a potion of lignification {unknown}
 z - 2 potions of agility {unknown}
Books
 c - a book of Maledictions

   Spells                             Type                      Level
   a - Corona                         Hexes                        1
   b - Ensorcelled Hibernation        Hexes/Ice                    2
   c - Confuse                        Hexes                        3
   d - Tukima's Dance                 Hexes                        3
   e - Dazzling Spray                 Conjuration/Hexes            3
 p - a book of Burglary

   Spells                             Type                      Level
   a - Swiftness                      Charms/Air                   2
   b - Passwall                       Transmutation/Earth          2
   c - Passage of Golubria            Translocation                4
   d - Lee's Rapid Deconstruction     Earth                        5
   e - Darkness                       Hexes                        6
   f - Invisibility                   Hexes                        6
Comestibles
 d - a bread ration
 x - a slice of pizza


   Skills:
 + Level 2.0 Fighting
 + Level 3.2 Short Blades
 + Level 5.1 Dodging
 + Level 6.4 Stealth
 + Level 0.3 Shields
 * Level 4.0 Spellcasting
 + Level 4.9 Hexes


You had 4 spell levels left.
You knew the following spells:

 Your Spells              Type           Power        Failure   Level  Hunger
a - Corona                Hex            ###....      2%          1    None
b - Ensorcelled Hibernat  Hex/Ice        ##....       12%         2    ##.....
c - Confuse               Hex            ###.....     10%         3    ###....
d - Dazzling Spray        Conj/Hex       ##....       21%         3    ###....


Dungeon Overview and Level Annotations

Branches:
Dungeon (4/15)             Temple (1/1) D:4

Altars:
Ashenzari
Cheibriados
Dithmenos
Elyvilon
Fedhas
Gozag
Kikubaaqudgha
Makhleb
Nemelex Xobeh
Pakellas
Qazlal
Ru
Sif Muna
Trog
Vehumet
Xom
Zin
The Shining One

Shops:
D:4 (


Innate Abilities, Weirdness & Mutations

You are tiny and cannot use many weapons and most armour.
You have supernaturally acute eyesight.
You are a herbivore.
You cover ground extremely quickly.
You need consume almost no food.


Message History

The orc priest hits you with a falchion.
* * * LOW HITPOINT WARNING * * *
The orc wizard barely misses you. The orc misses you.
Things that are here:
a dagger; a robe; an orc corpse The orc wizard hits you but does no damage.
The orc completely misses you.
There is an open door here.
Casting: Ensorcelled Hibernation
Confirm with . or Enter, or press ? or * to list all spells.
Aiming: Dazzling Spray
Press: ? - help, Shift-Dir - straight line, f/p - orc priest
Aim: an orc priest, wielding a falchion (lightly wounded)
You miscast Dazzling Spray.
You are very lightly contaminated with residual magic.
Your hands glow momentarily.
The orc priest calls down the wrath of Beogh upon you.
Beogh smites you!
You die...

####.##.##.####..#####.#
#< #.###.#.# #........#
#. #.# ##..# ##÷#######
#. #.# #### ##'## #. #.#
##...## #. #.###
##.....## ### #.#.##
##.......## ##.#
#....####o........####...
#.......@)o.......§......
#....####o........####...
##..## ##.......## ###.#
#.## ##.....## #.... #.#
##...## #.### #.#
######'#### #.# #.#
#.........# #.#
#####.#####.####.##.# #.#
#........##.# ##.##.# #.#


You could see an orc priest, an orc wizard and an orc.

Vanquished Creatures
  An ogre (D:3)
  A scorpion (D:4)
  A hound (D:4)
  2 orc wizards
  A worker ant (D:4)
  6 adders
  4 gnolls (D:3)
  An ooze (D:3)
  An adder skeleton (D:4)
  5 worms
  2 dart slugs (D:1)
  6 giant geckos
  4 orcs
  4 giant cockroaches
  6 goblins
  8 hobgoblins
  15 jackals
  2 quokkas (D:2)
  A ball python (D:2)
  10 bats
  A giant gecko skeleton (D:4)
  A giant newt (D:1)
  A kobold (D:1)
  5 rats
89 creatures vanquished.

Notes
Turn   | Place    | Note
--------------------------------------------------------------
     0 | D:1      | juanjsm the Spriggan Enchanter began the quest for the Orb.
     0 | D:1      | Reached XP level 1. HP: 9/9 MP: 5/5
   286 | D:1      | Reached XP level 2. HP: 5/14 MP: 4/6
   290 | D:1      | Learned a level 2 spell: Ensorcelled Hibernation
   830 | D:1      | Reached XP level 3. HP: 14/17 MP: 8/8
  1101 | D:2      | Learned a level 3 spell: Confuse
  1115 | D:2      | Reached skill level 5 in Stealth
  1242 | D:2      | Reached skill level 1 in Fighting
  1284 | D:2      | Reached XP level 4. HP: 13/22 MP: 1/9
  1289 | D:2      | Learned a level 3 spell: Dazzling Spray
  2386 | D:3      | Reached XP level 5. HP: 15/25 MP: 1/10
  2500 | D:3      | Noticed an ogre
  2501 | D:3      | Killed an ogre
  2501 | D:3      | Reached skill level 6 in Stealth
  3053 | D:3      | Reached XP level 6. HP: 10/30 MP: 1/12
  3479 | D:4      | Found Icuirak's Weapon Shop.
  3599 | D:4      | Found a staircase to the Ecumenical Temple.
  3626 | Temple   | Entered the Ecumenical Temple
  3972 | D:4      | Reached skill level 5 in Dodging
  4092 | D:4      | Killed from afar by an orc priest

Skill      XL: |  1  2  3  4  5  6 |
---------------+-------------------+-----
Short Blades   | 2 3 |  3.2
Stealth        | 5 6 |  6.4
Spellcasting   | 3 4 |  4.0
Fighting       | 1 2 |  2.0
Hexes          | 4 |  4.9
Dodging        | 4 5 |  5.1
Shields        | |  0.3

Action                   |  1- 3 |  4- 6 || total
-------------------------+-------+-------++-------
Melee: Dagger            |   124 |    92 ||   216
 Cast: Corona            |     6 |     1 ||     7
       Ensorcelled Hiber |    23 |    52 ||    75
       Confuse           |     1 |     2 ||     3
       Dazzling Spray    |       |     1 ||     1
 Stab: Sleeping          |    22 |    50 ||    72
       Confused          |     1 |     1 ||     2
       Invisible         |       |     1 ||     1
       Distracted        |       |     1 ||     1
  Eat: Bread ration      |       |     1 ||     1
Armor: Robe              |     9 |     7 ||    16
Dodge: Dodged            |    91 |   118 ||   209
